 Dungeon Crawl Stone Soup version 0.27.1-33-g824d729ab1 (webtiles) character file.

Game seed: 18408157448754048684

62 hamarrboo the Magician (level 4, -2/31 HPs)
             Began as a Djinni Hedge Wizard on Dec 12, 2021.
             Slain by Sigmund (8 damage)
             ... on level 2 of the Dungeon.
             The game lasted 00:09:29 (2632 turns).

hamarrboo the Magician (Djinni Hedge Wizard)        Turns: 2632, Time: 00:09:30

Health: -2/31      AC:  2    Str:  9    XL:     4   Next: 28%
Gold:   59         EV: 12    Int: 17    God:
                   SH:  0    Dex: 12

rFire    + + .     SeeInvis .   a - +0 dagger
rCold    x . .     Faith    .   (no shield)
rNeg     . . .     Spirit   .   b - +0 robe
rPois    ∞         Reflect  .   c - +0 hat
rElec    .         Harm     .   (no cloak)
rCorr    .         Rampage  .   (no gloves)
Will     .....                  (boots unavailable)
Stlth    ++........             (no amulet)
HPRegen  0.10/turn              (no ring)
MPRegen  0.00/turn              (no ring)

@: flying
A: sickness immunity, fire resistance 2, cold vulnerability 1, float, innate
caster, hp casting, extra vitality 1
a: no special abilities


You were on level 2 of the Dungeon.
You visited 1 branch of the dungeon, and saw 2 of its levels.

You collected 59 gold pieces.

Inventory:

Hand Weapons
 a - a +0 dagger (weapon)
Missiles
 d - 2 throwing nets
Armour
 b - a +0 robe (worn)
 c - a +0 hat (worn)
Scrolls
 h - a scroll of identify {unknown}
Potions
 e - a potion of might {unknown}
 f - 2 potions of mutation {unknown}
 g - a potion of curing {unknown}


   Skills:
 + Level 2.3 Dodging
 + Level 1.8 Stealth
 + Level 3.6 Spellcasting


You couldn't memorise any spells.
You knew the following spells:

 Your Spells              Type           Power      Damage    Failure   Level
a - Magic Dart            Conj           60%        1d6       3%          1
b - Blink                 Tloc           N/A        N/A       5%          2
c - Call Imp              Summ           15%        N/A       5%          2
d - Slow                  Hex            15%        N/A       5%          2
e - Conjure Flame         Conj/Fire      15%        6-21      11%         3
f - Mephitic Cloud        Conj/Pois/Air  15%        N/A       11%         3
g - Summon Small Mammal   Summ           60%        N/A       3%          1
Your spell library was empty.

Dungeon Overview and Level Annotations

Branches:
Dungeon (2/15)

Altars:

Annotations:
D:2 Sigmund


Innate Abilities, Weirdness & Mutations

You are immune to sickness and miasma.
You are immune to poison.
Your flesh is very heat resistant. (rF++)
You are vulnerable to cold. (rC-)
You float through the air rather than walking.
You learn spells naturally, not from books.
Your magical power is your life essence.
You have superior vitality. (+4 HP)


Message History

Your shadow imp gestures at your crimson imp.
Something writhes in agony.
A magic dart appears from out of thin air!
The magic dart hits your shadow imp!
Your shadow imp dies!
Your shadow imp disappears in a puff of smoke!
You are too injured to fight recklessly!
Casting: Conjure Flame (quite dangerous; 11% risk of failure)
Confirm with . or Enter, or press ? or * to list all spells.
You can't see any susceptible monsters within range! (Use Z to cast anyway.)
Casting: Conjure Flame (quite dangerous; 11% risk of failure)
Confirm with . or Enter, or press ? or * to list all spells.
You don't know that spell.
Casting: Conjure Flame (quite dangerous; 11% risk of failure)
Confirm with . or Enter, or press ? or * to list all spells.
You can't see any susceptible monsters within range! (Use Z to cast anyway.)
Casting: Conjure Flame (quite dangerous; 11% risk of failure)
Confirm with . or Enter, or press ? or * to list all spells.
Aiming: Magic Dart (safe; 3% risk of failure)
Press: ? - help, Shift-Dir - straight line The magic dart hits something.
You hear a shout!
Something hits you.
* * * LOW HITPOINT WARNING * * *
You swap places.
A quokka comes into view.
Your white imp disappears in a puff of smoke!
Your crimson imp blinks!
You hear some strange, mumbled words.
Something tries to affect you, but you resist.
You swap places.
You are too injured to fight recklessly!
Casting: Magic Dart (safe; 3% risk of failure)
Confirm with . or Enter, or press ? or * to list all spells.
Aiming: Magic Dart (safe; 3% risk of failure)
Press: ? - help, Shift-Dir - straight line The magic dart hits something but does no damage.
* * * LOW HITPOINT WARNING * * *
Something hits you!
You die...

##.#..##.## .....
#..##.##..####.#..#
..###.......#..##.#
.## ####..#...###†#
##. .#
##......##.####...
.# ##...#..#..#...#
.# #.#.##......# .#
#..#....#...### .#
#.#####.@5....# .#
.. #.......#.# ##
#.# #.####{.#.##...
.. #......r†......
...####.)###... ..
##..# #.# .. .#. .


You could see a quokka and a friendly crimson imp (summoned).

Vanquished Creatures
  2 adders (D:2)
  A dart slug (D:1)
  2 giant cockroaches (D:1)
  2 goblins
  3 hobgoblins (D:1)
  4 jackals (D:1)
  4 kobolds
  A quokka (D:1)
  6 ball pythons
  3 bats
  A frilled lizard (D:2)
  3 rats
32 creatures vanquished.

Vanquished Creatures (collateral kills)
  A gnoll (D:1)
  2 ball pythons (D:1)
  An endoplasm (D:1)
  2 giant cockroaches (D:1)
  A frilled lizard (D:1)
7 creatures vanquished.

Grand Total: 39 creatures vanquished

Notes
Turn   | Place    | Note
-------+----------+-------------------------------------------
     0 | D:1      | hamarrboo the Djinni Hedge Wizard began the quest for the
                  | Orb.
     0 | D:1      | Reached XP level 1. HP: 15/15 MP: 0/0
   511 | D:1      | Reached XP level 2. HP: 20/21 MP: 0/0
  1275 | D:1      | Reached skill level 3 in Spellcasting
  1298 | D:1      | Reached XP level 3. HP: 21/25 MP: 0/0
  1298 | D:1      | Learned a level 1 spell: Summon Small Mammal
  2480 | D:2      | Reached XP level 4. HP: 26/31 MP: 0/0
  2605 | D:2      | Noticed Sigmund
  2632 | D:2      | Slain by Sigmund

Illustrated notes

Levels and vault maps discovered:
D:1:      kennysheep_arrival_seaside, layout_rooms, minivault_23
D:2:      layout_rooms, hellmonk_ecumenical_altar_run_dry,
          chequers_serial_rivers_small_a, uniq_sigmund

Skill      XL: |  1  2 |
---------------+-------+-----
Spellcasting   | 3 |  3.6
Dodging        | |  2.3
Stealth        | |  1.8

Action                   |  1- 3 |  4- 6 || total
-------------------------+-------+-------++-------
 Cast: Magic Dart        |    79 |    13 ||    92
       Call Imp          |    13 |     3 ||    16
       Blink             |     2 |       ||     2
       Conjure Flame     |       |     1 ||     1
Armor: Robe              |     1 |       ||     1
Dodge: Dodged            |    15 |     6 ||    21
